 Dungeon Crawl Stone Soup version 0.29.1-15-g9cfb28693d (webtiles) character file.

Game seed: 14090032748703267058

120 javelincjr the Magician (level 4, 0/29 HPs)
             Began as a Demonspawn Hedge Wizard on Apr 5, 2023.
             Was a Follower of Hepliaklqana.
             Slain by an orc wizard
             ... wielding a +0 club
              (2 damage)
             ... on level 3 of the Dungeon.
             The game lasted 00:10:59 (2603 turns).

javelincjr the Magician (Demonspawn Hedge Wizard)   Turns: 2603, Time: 00:11:00

Health: 0/29       AC:  3    Str: 13      XL:     4   Next: 75%
Magic:  0/9        EV: 12    Int: 15      God:    Hepliaklqana [*.....]
Gold:   94         SH:  0    Dex: 16 (18) Spells: 5/10 levels left

rFire   . . .      SeeInvis .   l - +2 short sword (protect)
rCold   . . .      Faith    .   (no shield)
rNeg    . . .      Spirit   .   b - +0 robe
rPois   .          Reflect  .   c - +0 hat
rElec   .          Harm     .   (no cloak)
rCorr   .          Rampage  .   (no gloves)
Will    .....                   e - +0 pair of boots
Stlth   ++........              (no amulet)
HPRegen 0.09/turn               i - +6 ring of dexterity
MPRegen 0.11/turn               (no ring)

@: no status effects
A: reduced essence, antennae 1, demonic magic 2
a: Renounce Religion, Recall Ancestor, Ancestor Identity


You were on level 3 of the Dungeon.
You worshipped Hepliaklqana.
Hepliaklqana was aware of your devotion.
You visited 1 branch of the dungeon, and saw 3 of its levels.

You collected 94 gold pieces.

Inventory:

Hand Weapons
 a - a +0 dagger
 l - a +2 short sword of protection (weapon)
Armour
 b - a +0 robe (worn)
 c - a +0 hat (worn)
 e - a +0 pair of boots (worn)
 m - a +0 buckler
Jewellery
 i - a +6 ring of dexterity (left hand)
Scrolls
 k - 2 scrolls of identify {unknown}
 n - a scroll of enchant armour {unknown}
 p - a scroll of immolation {unknown}
 q - 2 scrolls of poison {unknown}
Potions
 d - a potion of magic
 f - a potion of ambrosia {unknown}
 g - a potion of degeneration
 o - a potion of flight {unknown}


   Skills:
 * Level 1.7 Fighting
 + Level 0.7 Armour
 + Level 2.2 Dodging
 - Level 2.0 Stealth
 + Level 0.4 Shields
 * Level 3.5 Spellcasting
 + Level 1.7 Conjurations
 + Level 1.6 Summonings
 + Level 1.5 Translocations


You had 5 spell levels left.
You knew the following spells:

 Your Spells              Type           Power      Damage    Failure   Level
a - Magic Dart            Conj           28%        1d4       10%         1
b - Call Imp              Summ           7%         N/A       14%         2
c - Blink                 Tloc           14%        N/A       16%         2

Your spell library contained the following spells:

 Spells                   Type           Power      Damage    Failure   Level
 Apportation              Tloc           14%        N/A       10%         1
 Summon Small Mammal      Summ           28%        N/A       10%         1
 Necrotise                Necr           8%         1d4       19%         1
 Slow                     Hex            8%         N/A       19%         1
 Conjure Flame            Conj/Fire      5%         6-21      36%         3
 Mephitic Cloud           Conj/Pois/Air  4%         N/A       41%         3


Dungeon Overview and Level Annotations

Branches:
Dungeon (3/15)

Altars:
Hepliaklqana


Innate Abilities, Weirdness & Mutations

Your life essence is reduced to manifest your ancestor. (-10% HP)
You have a pair of small antennae on your head.
Spells you cast may paralyse nearby enemies.


Message History

Aim: an orc, wielding a +0 whip (moderately wounded, 100% to hit)
The magic dart hits the orc.
The orc is heavily wounded.
Malevolent energies surge around you.
The orc suddenly stops moving!
The helpless orc fails to defend itself.
You hit the orc.
You kill the orc!
Casting: Magic Dart (safe; 10% risk of failure)
Confirm with . or Enter, or press ? or * to list all spells.
Aiming: Magic Dart (safe; 10% risk of failure)
Press: ? - help, Shift-Dir - straight line, f - orc
Aim: an orc, wielding a +0 whip (almost dead, ally target, 100% to hit)
The magic dart hits the orc.
You kill the orc!
Malevolent energies surge around you. Something hits you.
You closely miss something.
You hear some strange, mumbled words.
A puff of flame appears from out of thin air!
The puff of flame hits you!
You miss something.
Something hits you but does no damage. x2
You closely miss something.
Your crimson imp disappears in a puff of smoke!
You hear some strange, mumbled words.
A puff of flame appears from out of thin air!
The puff of flame misses you.
Casting: Magic Dart (safe; 10% risk of failure)
Confirm with . or Enter, or press ? or * to list all spells.
You can't see any susceptible monsters within range! (Use Z to cast anyway.)
Casting: Magic Dart (safe; 10% risk of failure)
Confirm with . or Enter, or press ? or * to list all spells.
A beastly little devil appears in a puff of flame.
Malevolent energies surge around you.
You hear some strange, mumbled words.
A puff of flame appears from out of thin air!
The puff of flame hits you!
* * * LOW HITPOINT WARNING * * *
You closely miss something. Something barely misses you.
Your crimson imp misses something.
You closely miss something. Something hits you.
You die...

..##.............
..................
..................
..................
#.................
#.................
.......5..........
......){##...#....
.o.o.#@...[......
...# #...#.......
...###...#.......
.........#.......
........##+##+##
.........##.#
.........##.# ..
..........#.##+##..
..........#........


You could see a friendly crimson imp (summoned).

Vanquished Creatures
  Ijyb (D:2)
  Terence (D:2)
  An adder (D:2)
  4 orcs (D:3)
  6 bats
  3 endoplasms
  A giant cockroach (D:1)
  3 goblins
  5 hobgoblins
  3 quokkas (D:1)
  3 ball pythons
  4 frilled lizards
  7 kobolds
  A rat (D:2)
43 creatures vanquished.

Vanquished Creatures (collateral kills)
  An adder (D:2)
  A worm (D:2)
  An endoplasm (D:3)
  A kobold (D:3)
4 creatures vanquished.

Vanquished Creatures (others)
  An ancestor (D:3)
  5 fungi (D:2)
  A plant (D:2)
7 creatures vanquished.

Grand Total: 54 creatures vanquished

Notes
Turn   | Place    | Note
-------+----------+-------------------------------------------
     0 | D:1      | javelincjr the Demonspawn Hedge Wizard began the quest for
                  | the Orb.
     0 | D:1      | Reached XP level 1. HP: 13/13 MP: 4/4
   165 | D:1      | Reached skill level 1 in Translocations
   308 | D:1      | Gained mutation: Spells you cast may paralyse adjacent
                  | enemies. [demonic ancestry]
   308 | D:1      | Reached XP level 2. HP: 18/19 MP: 0/6
  1219 | D:2      | Learned a level 2 spell: Call Imp
  1222 | D:2      | Learned a level 2 spell: Blink
  1240 | D:2      | Gained mutation: You have a pair of small antennae on your
                  | head. [demonic ancestry]
  1240 | D:2      | Reached XP level 3. HP: 25/25 MP: 2/7
  1687 | D:2      | Noticed Terence
  1831 | D:2      | Killed Terence
  1832 | D:2      | Reached skill level 1 in Fighting
  1832 | D:2      | Gained mutation: Spells you cast may paralyse nearby
                  | enemies. [demonic ancestry]
  1832 | D:2      | Reached XP level 4. HP: 32/32 MP: 1/9
  2210 | D:2      | Found a faded altar of an unknown god.
  2220 | D:2      | Prayed at the altar of an unknown god.
  2220 | D:2      | Became a worshipper of Hepliaklqana the Forgotten
  2220 | D:2      | Reached * piety under Hepliaklqana
  2254 | D:3      | Noticed Ijyb
  2302 | D:2      | Killed Ijyb
  2603 | D:3      | Slain by an orc wizard

Illustrated notes

Levels and vault maps discovered:
D:1:      dpeg_arrival_connections, layout_loops_cross
D:2:      layout_rooms, shapermc_ecumenical_altar_petra, uniq_terence
D:3:      layout_basic, mainiacjoe_overflow_concentric_impassable,
          nicolae_overflow_squiral, uniq_ijyb

Skill      XL: |  1  2  3 |
---------------+----------+-----
Translocations | 1 |  1.5
Stealth        | 2 |  2.0
Dodging        | 2 |  2.2
Fighting       | 1 |  1.7
Armour         | |  0.7
Shields        | |  0.4
Spellcasting   | |  3.5
Conjurations   | |  1.7
Summonings     | |  1.6

Action                   |  1- 3 |  4- 6 || total
-------------------------+-------+-------++-------
Melee: Dagger            |    20 |       ||    20
       Punch             |     1 |     1 ||     2
       Short sword       |    42 |    45 ||    87
 Cast: Magic Dart        |    73 |    24 ||    97
       Call Imp          |     3 |     5 ||     8
       Blink             |     3 |       ||     3
  Use: Potion            |     3 |       ||     3
       Scroll            |       |     1 ||     1
 Stab: Sleeping          |     1 |       ||     1
       Paralysed         |     7 |     5 ||    12
       Distracted        |       |     1 ||     1
Armor: Robe              |    18 |    15 ||    33
       Skin              |       |     8 ||     8
Dodge: Dodged            |    39 |    45 ||    84
